 Dungeon Crawl Stone Soup version 0.26.1-11-gd32895ea62 (webtiles) character file.

Game seed: 1754768046276895332

17257 Zeld the Earth Mage (level 12, -2/59 HPs)
             Began as a Gargoyle Earth Elementalist on June 7, 2021.
             Was a Priest of Sif Muna.
             Slain by a large slime creature (8 damage)
             ... in a Gauntlet.
             The game lasted 00:32:36 (23727 turns).

Zeld the Earth Mage (Gargoyle Earth Elementalist)  Turns: 23727, Time: 00:32:37

Health: -2/59      AC: 17    Str: 12    XL:     12   Next: 46%
Magic:  12/25      EV: 15    Int: 21    God:    Sif Muna [***...]
Gold:   410        SH:  0    Dex: 10    Spells: 14/29 levels left

rFire    . . .     SeeInvis .   a - +1 quarterstaff (vorpal)
rCold    . . .     Faith    .   (shield currently unavailable)
rNeg     + . .     Spirit   .   c - +2 robe {Archmagi}
rPois    ∞         Reflect  .   (no helmet)
rElec    +         Harm     .   G - +2 cloak
rCorr    .         Rampage  .   b - +0 pair of gloves
Will     .....     NoTele   +   d - +0 pair of boots
Stlth    ++........             (no amulet)
HPRegen  0.19/turn              n - ring of flight
MPRegen  0.19/turn              (no ring)

@: no status effects
A: negative energy resistance 1, electricity resistance, unbreathing,
petrification resistance, miasma immunity, AC +8
a: Renounce Religion, Evoke Flight, Channel Magic, Forget Spell


You were in a Gauntlet.
You worshipped Sif Muna.
Sif Muna was most pleased with you.
You visited 2 branches of the dungeon, and saw 13 of its levels.
You also visited: Sewer and Gauntlet.

You collected 428 gold pieces.
You spent 18 gold pieces at shops.

Inventory:

Hand Weapons
 a - a +1 vorpal quarterstaff (weapon)
Missiles
 m - 106 stones (quivered)
Armour
 b - a +0 pair of gloves (worn)
 c - a +2 robe of the Archmagi (worn)
 d - a +0 pair of boots (worn)
 E - the +1 hat "Enawaer" {+Blink rN+ SInv Stlth+, unknown}
   (You found it in a Gauntlet)

   It protects you from negative energy.
   It lets you see invisible.
   It lets you blink.
   It makes you more stealthy.
 G - a +2 cloak (worn)
Jewellery
 e - an uncursed ring of protection from fire
 n - a ring of flight (left hand)
 o - an uncursed amulet of faith {unknown}
Wands
 h - a wand of digging (5)
 l - a wand of polymorph (5)
 r - a wand of random effects (43)
 t - a wand of iceblast (12)
 w - a wand of disintegration (43)
 B - a wand of acid (13)
 C - a wand of flame (20)
 F - a wand of paralysis (6)
Scrolls
 f - 3 scrolls of teleportation
 j - 7 scrolls of remove curse
 p - 4 scrolls of blinking
 s - a scroll of magic mapping
 y - a scroll of fear
 H - 3 scrolls of noise {unknown}
 J - a scroll of acquirement {unknown}
 K - a scroll of vulnerability {unknown}
Potions
 g - 2 potions of might {unknown}
 i - 5 potions of heal wounds {unknown}
 k - 4 potions of curing
 q - a potion of lignification {unknown}
 u - 3 potions of resistance {unknown}
 v - 4 potions of degeneration {unknown}
 x - 3 potions of attraction {unknown}
 z - a potion of invisibility {unknown}
 A - 4 potions of flight {unknown}
 D - a potion of experience {unknown}
 I - a potion of haste


   Skills:
 + Level 6.4 Staves
 - Level 7.0 Dodging
 - Level 2.1 Stealth
 + Level 9.2 Spellcasting
 - Level 0.7 Transmutations
 * Level 15.6 Earth Magic
 + Level 4.8 Invocations


You had 14 spell levels left.
You knew the following spells:

 Your Spells              Type           Power        Failure   Level
a - Sandblast             Erth           100%         0%          1
b - Passwall              Tmut/Erth      50%          1%          2
c - Stone Arrow           Conj/Erth      100%         1%          3
d - Petrify               Tmut/Erth      60%          2%          4
e - Lee's Rapid Deconstr  Erth           42%          1%          5

Your spell library contained the following spells:

 Spells                   Type           Power        Failure   Level
 Beastly Appendage        Tmut           38%          5%          1
 Corona                   Hex            15%          7%          1
 Wereblood                Tmut           19%          8%          2
 Ensorcelled Hibernation  Hex/Ice        28%          11%         2
 Ignite Poison            Fire/Tmut/Pois 15%          19%         3
 Spider Form              Tmut/Pois      8%           19%         3
 Confusing Touch          Hex            14%          22%         3
 Dazzling Flash           Conj/Hex       28%          22%         3
 Tukima's Dance           Hex            14%          22%         3
 Ice Form                 Ice/Tmut       16%          52%         4
 Blade Hands              Tmut           9%           82%         5
 Fireball                 Conj/Fire      7%           89%         5
 Starburst                Conj/Fire      7%           100%        6
 Ignition                 Fire           7%           100%        8


Dungeon Overview and Level Annotations

Branches:
Dungeon (12/15)            Temple (1/1) D:6            Lair (0/6) D:11
    Orc (0/2) D:11          Sewer (visited)         Gauntlet (1/1)

Altars:
Ashenzari
Cheibriados
Dithmenos
Elyvilon
Fedhas
Gozag
Hepliaklqana
Kikubaaqudgha
Makhleb
Nemelex Xobeh
Okawaru
Qazlal
Ru
Sif Muna
Trog
Uskayaw
Vehumet
Wu Jian
Xom
Yredelemnul
Zin
The Shining One

Shops:
D:11 (

Annotations:
Gauntlet 6 transporters, 1 runed translucent door


Innate Abilities, Weirdness & Mutations

You are resistant to torment.
Your stone body is resilient. (AC +8)
You are immune to poison.
You resist negative energy. (rN+)
You are resistant to electric shocks. (rElec)
You can survive without breathing.
You are immune to petrification.
You are immune to miasma.


Message History

Press: ? - help, v - describe, . - travel
Here: a large slime creature The floor.
Okay, then.
Okay, then.
You see here a heavily runed hat.
E - a heavily runed hat The large slime creature closely misses you.
There is a transporter here.
You enter the transporter and appear at another place.
Okay, then.
Okay, then.
Press: ? - help, v - describe, . - travel
Here: a large slime creature The floor.
Unknown command.
It was a potion of curing.
You feel better. The large slime creature hits you!
* * * LOW HITPOINT WARNING * * *
You feel better. The large slime creature hits you!
You die...

# ##.#.#######.#.
...............
.8.8.8.@.©.8.8.
.......J....... ##
################# ##
##≈###≈###.......###≈###≈##
#≈≈≈#≈≈≈#..∩.8.∩..#≈≈≈#≈≈≈#
#≈.....................≈#
##.#########.#########.##
##≈.#..J§?[.#.#E=$©[..#.≈##
#≈≈.#.#####.#.#☼.####.#.≈≈#


You could see a large slime creature, a fire elemental and a jelly.

Vanquished Creatures
  A death ooze (Gauntlet)
  A boulder beetle (D:11)
  Erolcha (D:8)
  A catoblepas (Gauntlet)
  3 two-headed ogres
  3 death yaks (D:10)
  The ghost of bpung the Sneak, a novice GnWn of Vehumet (D:6)
  An ugly thing (D:11)
  Maurice (D:8)
  3 gargoyles
  A troll (D:10)
  A hornet (D:8)
  A raiju (Gauntlet)
  Grinder (D:5)
  A wyvern (D:10)
  A human (D:10)
  3 yaks
  Eustachio (D:5)
  2 steam dragons (Gauntlet)
  Grum (D:8)
  A soldier ant (D:10)
  A water moccasin (D:9)
  4 ice beasts
  4 sky beasts
  3 orc warriors
  2 black bears
  A necrophage (D:8)
  9 centaurs
  3 phantoms
  2 wolves (D:8)
  6 ogres
  5 bullfrogs
  2 big kobolds
  A gnoll sergeant (D:7)
  A water moccasin skeleton (D:6)
  2 scorpions (D:7)
  5 killer bees (D:9)
  5 wights (D:7)
  9 howler monkeys
  3 bullfrog zombies
  3 centaur zombies
  2 quasits
  8 hounds
  A jelly (D:8)
  2 centaur skeletons
  4 orc priests
  3 bullfrog skeletons
  4 iguanas
  11 orc wizards
  Ijyb (D:4)
  2 hell rats (D:11)
  10 worker ants
  A killer bee zombie (D:5)
  A worker ant zombie (D:11)
  10 gnolls
  11 adders
  3 river rats
  A shadow imp (D:7)
  4 white imps
  2 ufetubi
  3 oozes
  2 adder skeletons
  2 dart slugs
  3 worms (D:2)
  8 leopard geckos
  47 orcs
  4 giant cockroaches
  2 gnoll zombies (D:3)
  6 goblins
  7 hobgoblins
  6 jackals
  12 kobolds
  3 quokkas
  8 ball pythons
  5 bats
  14 frilled lizards
  A goblin skeleton (D:6)
  A hobgoblin zombie (D:6)
  A jackal skeleton (D:4)
  2 kobold skeletons (D:6)
  3 kobold zombies
  2 orc zombies (D:6)
  2 quokka skeletons
  8 rats
334 creatures vanquished.

Vanquished Creatures (others)
  A demonic plant (Gauntlet)
1 creature vanquished.

Grand Total: 335 creatures vanquished

Notes
Turn   | Place    | Note
-------+----------+-------------------------------------------
     0 | D:1      | Zeld the Gargoyle Earth Elementalist began the quest for
                  | the Orb.
     0 | D:1      | Reached XP level 1. HP: 10/10 MP: 3/3
   584 | D:1      | Reached skill level 4 in Earth Magic
   584 | D:1      | Reached XP level 2. HP: 15/15 MP: 0/5
   587 | D:1      | Learned a level 2 spell: Passwall
  1317 | D:2      | Reached XP level 3. HP: 18/19 MP: 0/6
  1334 | D:2      | Learned a level 3 spell: Stone Arrow
  1527 | D:2      | Reached XP level 4. HP: 9/24 MP: 2/7
  1876 | D:2      | Reached skill level 5 in Earth Magic
  2547 | D:3      | Found a basalt altar of Yredelemnul.
  2594 | D:3      | You fall into a shaft and drop 1 floor!
  2601 | D:4      | Reached XP level 5. HP: 20/28 MP: 4/9
  2620 | D:4      | Noticed an ogre
  3222 | D:4      | Killed an ogre
  3223 | D:4      | Reached skill level 6 in Earth Magic
  3228 | D:4      | Learned a level 4 spell: Petrify
  3278 | D:4      | Reached XP level 6. HP: 32/32 MP: 8/10
  4316 | D:4      | Found an ancient bone altar of Kikubaaqudgha.
  4320 | D:4      | Found a blossoming altar of Fedhas.
  4440 | D:4      | Found an ancient bone altar of Kikubaaqudgha.
  4443 | D:4      | Found a blossoming altar of Fedhas.
  4952 | D:4      | Reached skill level 7 in Earth Magic
  4952 | D:4      | Reached XP level 7. HP: 36/36 MP: 8/12
  5328 | D:5      | Entered Level 5 of the Dungeon
  5338 | D:5      | Noticed Ijyb
  5365 | D:5      | Noticed Eustachio
  5381 | D:4      | Killed Ijyb
  5572 | D:5      | Killed Eustachio
  5573 | D:5      | Reached skill level 8 in Earth Magic
  5597 | D:5      | Found a glowing drain.
  5617 | Sewer    | Entered a sewer
  6153 | Sewer    | Reached XP level 8. HP: 38/41 MP: 10/14
  6159 | Sewer    | Learned a level 5 spell: Lee's Rapid Deconstruction
  6201 | Sewer    | Found a white marble altar of Elyvilon.
  6873 | D:5      | Noticed Grinder
  7076 | D:5      | Found a stormy altar of Qazlal.
  7117 | D:5      | Found a shadowy altar of Dithmenos.
  7244 | D:5      | Found a bloodstained altar of Trog.
  7556 | D:6      | Reached skill level 9 in Earth Magic
  7867 | D:6      | Reached skill level 5 in Spellcasting
  8338 | D:6      | Found a glowing golden altar of the Shining One.
  8399 | D:5      | Paralysed by Grinder for 3 turns
  8684 | D:5      | Killed Grinder
  8685 | D:5      | Reached skill level 10 in Earth Magic
  8685 | D:5      | Reached XP level 9. HP: 43/45 MP: 3/17
  9231 | D:5      | Found a bloodstained altar of Trog.
  9301 | D:5      | Found a stormy altar of Qazlal.
  9424 | D:5      | Found a shadowy altar of Dithmenos.
  9716 | D:6      | Noticed bpung's ghost (novice GnWn)
  9722 | D:6      | Found a runed translucent door.
  9767 | D:6      | Reached skill level 5 in Dodging
  9946 | D:6      | Found a staircase to the Ecumenical Temple.
 10305 | Temple   | Entered the Ecumenical Temple
 10329 | Temple   | Became a worshipper of Sif Muna the Loreminder
 10921 | D:6      | Killed bpung's ghost
 10922 | D:6      | Reached skill level 11 in Earth Magic
 11526 | D:8      | Noticed Maurice
 12969 | D:7      | Reached XP level 10. HP: 42/50 MP: 9/19
 12983 | D:7      | Reached skill level 12 in Earth Magic
 13058 | D:7      | Reached * piety under Sif Muna
 13958 | D:8      | Found a radiant altar of Vehumet.
 13958 | D:8      | Found a hazy altar of Hepliaklqana.
 13958 | D:8      | Found an iron altar of Okawaru.
 14231 | D:8      | Killed Maurice
 14558 | D:8      | Reached skill level 1 in Staves
 14738 | D:8      | Noticed Grum
 14741 | D:8      | Found a sacrificial altar of Ru.
 14742 | D:8      | Noticed a two-headed ogre
 14751 | D:8      | Killed Grum
 14753 | D:8      | Killed a two-headed ogre
 15161 | D:8      | Found an ornate altar of the Wu Jian Council.
 15214 | D:8      | Reached skill level 13 in Earth Magic
 15412 | D:9      | Noticed Erolcha
 15971 | D:8      | Killed Erolcha
 16146 | D:9      | Found a hide-covered altar of Uskayaw.
 16187 | D:9      | Got a coiled ivory ring
 16191 | D:9      | Reached XP level 11. HP: 54/54 MP: 15/22
 16191 | D:9      | Identified the ring "Eheachia" {+Blink rF- Str+10 SInv}
                  | (You found it on level 9 of the Dungeon)
 16197 | D:9      | Reached ** piety under Sif Muna
 17295 | D:9      | Noticed a two-headed ogre
 17302 | D:9      | Killed a two-headed ogre
 17581 | D:10     | Entered Level 10 of the Dungeon
 17603 | D:9      | Reached skill level 14 in Earth Magic
 18352 | D:10     | Found a sparkling altar of Nemelex Xobeh.
 18594 | D:10     | Found a runed translucent door.
 18605 | D:10     | Found a basalt altar of Yredelemnul.
 18903 | D:10     | Reached *** piety under Sif Muna
 19100 | D:10     | Reached skill level 1 in Invocations
 19321 | D:11     | Noticed a two-headed ogre
 19322 | D:11     | Noticed a white ugly thing
 19327 | D:11     | Killed a two-headed ogre
 19550 | D:11     | Found a staircase to the Lair.
 19572 | D:11     | Killed a white ugly thing
 19639 | D:11     | Noticed a death yak
 20031 | D:11     | Reached skill level 5 in Staves
 20149 | D:11     | Found Ditwups's Weapon Shoppe.
 20216 | D:11     | Noticed a boulder beetle
 20789 | D:11     | Noticed a death yak
 20789 | D:11     | Noticed a death yak
 20814 | D:10     | Killed a death yak
 21186 | D:10     | Killed a death yak
 21187 | D:10     | Reached skill level 15 in Earth Magic
 21187 | D:10     | Reached XP level 12. HP: 46/59 MP: 3/24
 21538 | D:10     | Killed a death yak
 22434 | D:11     | Found a staircase to the Orcish Mines.
 22479 | D:11     | Bought 14 stones for 18 gold pieces
 22697 | D:11     | Killed a boulder beetle
 23089 | D:12     | Found a gate leading to a gauntlet.
 23093 | Gauntlet | Entered a Gauntlet
 23093 | Gauntlet | Found a transporter.
 23093 | Gauntlet | Found a transporter.
 23093 | Gauntlet | Noticed a catoblepas
 23107 | Gauntlet | Found a transporter.
 23110 | Gauntlet | Found a transporter.
 23121 | Gauntlet | Found a transporter.
 23122 | Gauntlet | Found a transporter.
 23133 | Gauntlet | Found a transporter.
 23144 | Gauntlet | Found a runed translucent door.
 23146 | Gauntlet | Found a transporter.
 23148 | Gauntlet | Found a runed translucent door.
 23149 | Gauntlet | Noticed a death ooze
 23160 | Gauntlet | Found a transporter.
 23164 | Gauntlet | Found a transporter.
 23172 | Gauntlet | Found a transporter.
 23176 | Gauntlet | Found a transporter.
 23233 | Gauntlet | Killed a catoblepas
 23376 | Gauntlet | Found a runed translucent door.
 23717 | Gauntlet | Killed a death ooze
 23722 | Gauntlet | Got a heavily runed hat
 23726 | Gauntlet | HP: 1/59 [large slime creature (15)]
 23727 | Gauntlet | Slain by a large slime creature

Illustrated notes

Levels and vault maps discovered:
D:1:      elethiomel_arrival_maze, layout_loops_corners, glass_columns_c
D:2:      layout_rooms, minmay_lizard_pond
D:3:      layout_basic, lemuel_zombie_altar_yredelemnul
D:4:      layout_cave_pools, grunt_temple_overflow_growth_and_decay
D:5:      layout_rooms, old_standard_altar, marbit_many_paths,
          nicolae_overflow_crystal_walls, portal_sewer_entry_c, uniq_eustachio,
          uniq_ijyb, uniq_grinder
D:6:      layout_rooms, nicolae_tso_besieged_by_evil, temple_pool_b,
          hellmonk_ghost_happy_afterlife
D:7:      layout_rooms, roderic_lattice_a
D:8:      layout_loops_ring, kennysheep_mini_moat, hangedman_ru_absence,
          gammafunk_temple_overflow_forgotten, uniq_grum, uniq_maurice
D:9:      layout_irregular_city, eat_drink_and_be_merry_uskayaw, uniq_erolcha
D:10:     layout_loops_corners, basic_altar, dk_yredelemnul_ordeal
D:11:     layout_layer_cave, dpeg_lair_monsters, orc_0_dummy, serial_shops, shop
D:12:     layout_irregular_city, gauntlet_entry_generic, minmay_quadrilaterals
Temple:   jpeg_temple_island
Gauntlet: minmay_gauntlet_77_indecision [minmay_gauntlet_arena_77_two_paths,
          minmay_gauntlet_arena_77_tiled_triplets,
          minmay_gauntlet_arena_77_path, minmay_gauntlet_arena_77_double_cross,
          minmay_gauntlet_arena_77_shame_cube, minmay_gauntlet_arena_77_box,
          nicolae_gauntlet_exit_dead_adventurers]

Skill      XL: |  1  2  3  4  5  6  7  8  9 10 11 12 |
---------------+-------------------------------------+-----
Earth Magic    | 4 5 6 7 8 10 11 13 15 | 15.6
Dodging        | 2 3 4 5 6 7 |  7.0
Spellcasting   | 3 4 5 6 7 8 9 |  9.2
Staves         | 3 5 6 |  6.4
Invocations    | 3 4 |  4.8
Stealth        | |  2.1
Transmutations | |  0.7

Action                   |  1- 3 |  4- 6 |  7- 9 | 10-12 || total
-------------------------+-------+-------+-------+-------++-------
Melee: Unarmed           |    30 |     2 |    94 |       ||   126
       Quarterstaff      |       |       |       |    34 ||    34
Throw: Stone             |     5 |       |       |       ||     5
 Cast: Sandblast         |    37 |    94 |    69 |     3 ||   203
       Stone Arrow       |       |       |   158 |   178 ||   336
       Lee's Rapid Decon |       |       |     1 |    63 ||    64
 Abil: Evoke Flight      |       |       |     1 |       ||     1
Evoke: Wand              |       |       |       |     6 ||     6
  Use: Scroll            |       |       |     1 |    11 ||    12
       Potion            |       |       |       |     2 ||     2
Armor: Robe              |    18 |     8 |    93 |    64 ||   183
Dodge: Dodged            |    27 |    27 |   168 |    99 ||   321
